| TOP OF THE 1ST |
|
Columbia Fireflies batting - Pitching for Mississippi Braves : RHP Orlando Velazquez
|
|
Pitching: RHP Orlando Velazquez
|
|
|
Batting: RHB Omar Novoa
|
0-0: Swinging Strike 0-1: Foul Ball, location: 2F 0-2: Foul Ball, location: 2F 0-2: Ball 1-2: Ground out 6-3 (Groundball, 6MS, EV 69.4 MPH)
|
|
Batting: SHB Masatoshi Akahoshi
|
0-0: Ball 1-0: Ball 2-0: Ball 3-0: Called Strike 3-1: Called Strike 3-2: SINGLE (Groundball, 6MS, EV 69.4 MPH) (infield hit)
|
|
Batting: SHB Justin Wallace
|
0-0: Foul Ball, location: 2F 0-1: SINGLE (Groundball, 4D, EV 111.2 MPH) Masatoshi Akahoshi to second Throwing error, E9 Masatoshi Akahoshi scores Justin Wallace to second
|
|
Batting: LHB Tony Leyba
|
0-0: Called Strike 0-1: Foul Ball, location: 2F 0-2: Ball 1-2: Foul Ball, location: 2F 1-2: Strikes out looking
|
|
Batting: RHB Masaya Nakamura
|
0-0: Called Strike 0-1: SINGLE (Groundball, 4M, EV 96.2 MPH) Justin Wallace to third Runner from 3rd tries for Home, SAFE, throw by CF to home
|
|
Batting: RHB Jose Lara
|
0-0: Ball 1-0: Ball 2-0: Called Strike 2-1: Ground out 5-3 (Groundball, 56, EV 103.8 MPH)
|
| Top of the 1st over - 2 runs, 3 hits, 1 error, 1 left on base; Columbia 2 - Mississippi 0 |
| BOTTOM OF THE 1ST |
|
Mississippi Braves batting - Pitching for Columbia Fireflies : RHP Tyler Lybrand
|
|
Pitching: RHP Tyler Lybrand
|
|
|
Batting: RHB Luis Restrepo
|
0-0: Swinging Strike 0-1: SINGLE (Groundball, 6D, EV 94.4 MPH)
|
|
Batting: RHB Jordan Martin
|
0-0: Ball 1-0: Fly out, F7 (Flyball, 7, EV 92.5 MPH)
|
|
Batting: LHB Art D'Ascenzo
|
0-0: Swinging Strike 0-1: Swinging Strike 0-2: 2-RUN HOME RUN (Flyball, 89XD, EV 103.1 MPH), Distance : 406 ft
|
|
Batting: RHB Yojiro Hayashi
|
0-0: Ball 1-0: Called Strike 1-1: Ground out 4-3 (Groundball, 4, EV 86.9 MPH)
|
|
Batting: LHB Luis Cruz
|
0-0: Ball 1-0: Ball 2-0: Called Strike 2-1: DOUBLE (Flyball, 78XD, EV 105.0 MPH)
|
|
Batting: SHB David Beauchamp
|
0-0: Foul Ball, location: 2F 0-1: Swinging Strike 0-2: Ball 1-2: Strikes out swinging
|
| Bottom of the 1st over - 2 runs, 3 hits, 0 errors, 1 left on base; Columbia 2 - Mississippi 2 |
| TOP OF THE 2ND |
|
Columbia Fireflies batting - Pitching for Mississippi Braves : RHP Orlando Velazquez
|
|
Batting: RHB Dan Muse
|
0-0: Called Strike 0-1: Ball 1-1: Foul Ball, location: 2F 1-2: Ball 2-2: Strikes out swinging
|
|
Batting: RHB Fathi Addae
|
0-0: Called Strike 0-1: Called Strike 0-2: Strikes out swinging
|
|
Batting: RHB David Reyna
|
0-0: Swinging Strike 0-1: Foul Ball, location: 2F 0-2: Ball 1-2: Strikes out swinging
|
| Top of the 2nd over - 0 runs, 0 hits, 0 errors, 0 left on base; Columbia 2 - Mississippi 2 |
| BOTTOM OF THE 2ND |
|
Mississippi Braves batting - Pitching for Columbia Fireflies : RHP Tyler Lybrand
|
|
Batting: RHB Alex Velasquez
|
0-0: Swinging Strike 0-1: Swinging Strike 0-2: Fly out, F3 (Line Drive, 3, EV 68.8 MPH)
|
|
Batting: RHB Adrian Billups
|
0-0: Called Strike 0-1: Swinging Strike 0-2: Ground out 5-3 (Groundball, 56, EV 106.2 MPH)
|
|
Batting: RHB Ingidayehu Lagat
|
0-0: Ball 1-0: Foul Ball, location: 2F 1-1: Called Strike 1-2: Ball 2-2: Strikes out looking
|
| Bottom of the 2nd over - 0 runs, 0 hits, 0 errors, 0 left on base; Columbia 2 - Mississippi 2 |
| TOP OF THE 3RD |
|
Columbia Fireflies batting - Pitching for Mississippi Braves : RHP Orlando Velazquez
|
|
Batting: RHB Omar Novoa
|
0-0: Called Strike 0-1: Foul Ball, location: 2F 0-2: Ball 1-2: Ball 2-2: Foul Ball, location: 2F 2-2: Foul Ball, location: 2F 2-2: Ball 3-2: Strikes out swinging
|
|
Batting: SHB Masatoshi Akahoshi
|
0-0: Called Strike 0-1: DOUBLE (Flyball, 78D, EV 104.4 MPH)
|
|
Batting: SHB Justin Wallace
|
0-0: Ball 1-0: DOUBLE (Flyball, 8LXD, EV 110.6 MPH) Masatoshi Akahoshi scores
|
|
Batting: LHB Tony Leyba
|
0-0: Called Strike 0-1: SINGLE (Groundball, 56D, EV 105.6 MPH) Justin Wallace to third
|
|
Batting: RHB Masaya Nakamura
|
0-0: Ball 1-0: Ball 2-0: Foul Ball, location: 2F 2-1: Ball 3-1: Grounds into double play, 4-6-3 (Groundball, 4M, EV 107.5 MPH)
|
| Top of the 3rd over - 1 run, 3 hits, 0 errors, 1 left on base; Columbia 3 - Mississippi 2 |
| BOTTOM OF THE 3RD |
|
Mississippi Braves batting - Pitching for Columbia Fireflies : RHP Tyler Lybrand
|
|
Batting: RHB Luis Restrepo
|
0-0: Ground out 3-1 (Groundball, 34, EV 105.6 MPH)
|
|
Batting: RHB Jordan Martin
|
0-0: Swinging Strike 0-1: Ground out 5-3 (Groundball, 56, EV 101.9 MPH)
|
|
Batting: LHB Art D'Ascenzo
|
0-0: Ball 1-0: Ground out 4-3 (Groundball, 4, EV 77.5 MPH)
|
| Bottom of the 3rd over - 0 runs, 0 hits, 0 errors, 0 left on base; Columbia 3 - Mississippi 2 |
| TOP OF THE 4TH |
|
Columbia Fireflies batting - Pitching for Mississippi Braves : RHP Orlando Velazquez
|
|
Batting: RHB Jose Lara
|
0-0: Ball 1-0: Ball 2-0: Foul Ball, location: 2F 2-1: SINGLE (Line Drive, 4MD, EV 99.4 MPH)
|
|
Batting: RHB Dan Muse
|
0-0: Swinging Strike 0-1: Foul Ball, location: 2F 0-2: Ball 1-2: Strikes out looking
|
|
Batting: RHB Fathi Addae
|
0-0: Called Strike 0-1: Ball 1-1: Fly out, F7 (Flyball, 7, EV 86.2 MPH)
|
|
Batting: RHB David Reyna
|
0-0: Ball 1-0: Foul Ball, location: 2F 1-1: Ball 2-1: Ball 3-1: Base on Balls Jose Lara to second
|
|
Batting: RHB Omar Novoa
|
0-0: Foul Ball, location: 2F 0-1: Ball 1-1: Ball 2-1: Foul Ball, location: 2F 2-2: Fielders Choice at 2nd, 5-4 (Groundball, 56, EV 93.8 MPH)
|
| Top of the 4th over - 0 runs, 1 hit, 0 errors, 2 left on base; Columbia 3 - Mississippi 2 |
| BOTTOM OF THE 4TH |
|
Mississippi Braves batting - Pitching for Columbia Fireflies : RHP Tyler Lybrand
|
|
Batting: RHB Yojiro Hayashi
|
0-0: Called Strike 0-1: Fly out, F7 (Flyball, 78M, EV 83.8 MPH)
|
|
Batting: LHB Luis Cruz
|
0-0: Ball 1-0: Swinging Strike 1-1: Called Strike 1-2: Foul Ball, location: 2F 1-2: Foul Ball, location: 2F 1-2: Strikes out swinging
|
|
Batting: SHB David Beauchamp
|
0-0: Ball 1-0: Called Strike 1-1: Foul Ball, location: 2F 1-2: Ball 2-2: SINGLE (Groundball, 4MD, EV 108.8 MPH) (infield hit)
|
|
Batting: RHB Alex Velasquez
|
0-0: Ball 1-0: Called Strike David Beauchamp steals 2nd base 1-1: Called Strike 1-2: Strikes out looking
|
| Bottom of the 4th over - 0 runs, 1 hit, 0 errors, 1 left on base; Columbia 3 - Mississippi 2 |
| TOP OF THE 5TH |
|
Columbia Fireflies batting - Pitching for Mississippi Braves : RHP Orlando Velazquez
|
|
Batting: SHB Masatoshi Akahoshi
|
0-0: Ball 1-0: Ball 2-0: Called Strike 2-1: Foul Ball, location: 2F 2-2: Foul Ball, location: 2F 2-2: Ball 3-2: SINGLE (Groundball, 56D, EV 103.8 MPH)
|
|
Batting: SHB Justin Wallace
|
0-0: Called Strike 0-1: Foul Ball, location: 2F 0-2: Ball 1-2: Ball 2-2: Ball 3-2: Base on Balls Masatoshi Akahoshi to second
|
|
Batting: LHB Tony Leyba
|
0-0: Called Strike 0-1: Foul Ball, location: 2F 0-2: Strikes out swinging
|
|
Batting: RHB Masaya Nakamura
|
0-0: Foul Ball, location: 2F 0-1: Ball 1-1: Foul Ball, location: 2F 1-2: Ball 2-2: Fielders Choice at 2nd, 5-4 (Groundball, 5D, EV 83.8 MPH) Masatoshi Akahoshi to third
|
|
Batting: RHB Jose Lara
|
0-0: Ball 1-0: Ball 2-0: Called Strike 2-1: Ball 3-1: Foul Ball, location: 2F 3-2: Fly out, F8 (Flyball, 78M, EV 91.9 MPH)
|
| Top of the 5th over - 0 runs, 1 hit, 0 errors, 2 left on base; Columbia 3 - Mississippi 2 |
| BOTTOM OF THE 5TH |
|
Mississippi Braves batting - Pitching for Columbia Fireflies : RHP Tyler Lybrand
|
|
Batting: RHB Adrian Billups
|
0-0: Ball 1-0: Called Strike 1-1: Ball 2-1: SINGLE (Groundball, 4MD, EV 98.1 MPH)
|
|
Batting: RHB Ingidayehu Lagat
|
0-0: Ball 1-0: Grounds into double play, 3-6-3 (Groundball, 3, EV 81.2 MPH)
|
|
Batting: RHB Luis Restrepo
|
0-0: Foul Ball, location: 2F 0-1: Ball 1-1: Swinging Strike 1-2: Foul Ball, location: 2F 1-2: Ball 2-2: Foul Ball, location: 2F 2-2: Ball 3-2: Foul Ball, location: 2F 3-2: SINGLE (Groundball, 4MD, EV 94.4 MPH)
|
|
Batting: RHB Jordan Martin
|
0-0: Ball Luis Restrepo steals 2nd base 1-0: Fly out, F7 (Flyball, 7S, EV 97.5 MPH)
|
| Bottom of the 5th over - 0 runs, 2 hits, 0 errors, 1 left on base; Columbia 3 - Mississippi 2 |
| TOP OF THE 6TH |
|
Columbia Fireflies batting - Pitching for Mississippi Braves : RHP Orlando Velazquez
|
|
Pitching: RHP Gordon Cushing
|
|
|
Batting: RHB Dan Muse
|
0-0: Called Strike 0-1: Foul Ball, location: 2F 0-2: Strikes out swinging
|
|
Batting: RHB Fathi Addae
|
0-0: Ball 1-0: Foul Ball, location: 2F 1-1: Ball 2-1: Foul Ball, location: 2F 2-2: Ground out U3 (Groundball, 34, EV 111.9 MPH)
|
|
Batting: RHB David Reyna
|
0-0: Ball 1-0: Called Strike 1-1: Ball 2-1: Ground out 6-3 (Groundball, 56, EV 82.5 MPH)
|
| Top of the 6th over - 0 runs, 0 hits, 0 errors, 0 left on base; Columbia 3 - Mississippi 2 |
| BOTTOM OF THE 6TH |
|
Mississippi Braves batting - Pitching for Columbia Fireflies : RHP Tyler Lybrand
|
|
Batting: LHB Art D'Ascenzo
|
0-0: Foul Ball, location: 2F 0-1: Ball 1-1: Ball 2-1: SOLO HOME RUN (Flyball, 9LD, EV 90.6 MPH), Distance : 351 ft
|
|
Batting: RHB Yojiro Hayashi
|
0-0: TRIPLE (Flyball, 89XD, EV 98.1 MPH)
|
|
Batting: LHB Luis Cruz
|
0-0: Called Strike 0-1: Ball 1-1: Ball 2-1: Ball 3-1: Base on Balls
|
|
Batting: SHB David Beauchamp
|
0-0: Ball 1-0: Fielders Choice at 2nd, 1-6 (Groundball, 13S, EV 68.1 MPH)
|
|
Batting: RHB Alex Velasquez
|
0-0: Foul Ball, location: 2F 0-1: Swinging Strike 0-2: Strikes out swinging
|
|
Batting: RHB Adrian Billups
|
0-0: Ball 1-0: Ball 2-0: SINGLE (Groundball, 6, EV 95.6 MPH) Yojiro Hayashi scores David Beauchamp to second
|
|
Batting: RHB Ingidayehu Lagat
|
0-0: Swinging Strike 0-1: Foul Ball, location: 2F 0-2: Ground out U3 (Groundball, 34, EV 88.8 MPH)
|
| Bottom of the 6th over - 2 runs, 3 hits, 0 errors, 2 left on base; Columbia 3 - Mississippi 4 |
| TOP OF THE 7TH |
|
Columbia Fireflies batting - Pitching for Mississippi Braves : RHP Gordon Cushing
|
|
Batting: RHB Omar Novoa
|
0-0: Ball 1-0: Swinging Strike 1-1: Swinging Strike 1-2: Foul Ball, location: 2F 1-2: Foul Ball, location: 2F 1-2: Strikes out swinging
|
|
Batting: SHB Masatoshi Akahoshi
|
0-0: Ball 1-0: Foul Ball, location: 2F 1-1: Foul Ball, location: 2F 1-2: Ball 2-2: Ball 3-2: Strikes out swinging
|
|
Batting: SHB Justin Wallace
|
0-0: Ball 1-0: Foul Ball, location: 2F 1-1: Ball 2-1: Reached on error, E4 (Groundball, 34, EV 91.2 MPH)
|
|
Batting: LHB Tony Leyba
|
0-0: Called Strike 0-1: Ball 1-1: Swinging Strike 1-2: Ball 2-2: Strikes out looking
|
| Top of the 7th over - 0 runs, 0 hits, 1 error, 1 left on base; Columbia 3 - Mississippi 4 |
| BOTTOM OF THE 7TH |
|
Mississippi Braves batting - Pitching for Columbia Fireflies : RHP Tyler Lybrand
|
|
Batting: RHB Luis Restrepo
|
0-0: Swinging Strike 0-1: Called Strike 0-2: Strikes out swinging
|
|
Batting: RHB Jordan Martin
|
0-0: Called Strike 0-1: TRIPLE (Groundball, 5L, EV 103.1 MPH)
|
|
Batting: LHB Art D'Ascenzo
|
0-0: Ball 1-0: Foul Ball, location: 2F 1-1: SINGLE (Groundball, 34, EV 93.8 MPH) Jordan Martin scores
|
|
Pitching: LHP Keith Noftall
|
|
|
Batting: RHB Yojiro Hayashi
|
0-0: Called Strike Art D'Ascenzo is caught stealing 2nd base 2-4 0-1: Ball 1-1: Ball 2-1: Ball 3-1: Foul Ball, location: 2F 3-2: Base on Balls
|
|
Batting: LHB Luis Cruz
|
0-0: Ball 1-0: Foul Ball, location: 2F 1-1: Foul Ball, location: 2F 1-2: Strikes out swinging
|
| Bottom of the 7th over - 1 run, 2 hits, 0 errors, 1 left on base; Columbia 3 - Mississippi 5 |
| TOP OF THE 8TH |
|
Columbia Fireflies batting - Pitching for Mississippi Braves : RHP Gordon Cushing
|
|
Pitching: RHP Damian Molina
|
|
|
Batting: RHB Masaya Nakamura
|
0-0: Ball 1-0: Swinging Strike 1-1: Ball 2-1: Foul Ball, location: 2F 2-2: Strikes out swinging
|
|
Batting: RHB Jose Lara
|
0-0: Swinging Strike 0-1: Called Strike 0-2: Foul Ball, location: 2F 0-2: Foul Ball, location: 2F 0-2: Ball 1-2: Ball 2-2: Ball 3-2: Base on Balls
|
|
Batting: RHB Dan Muse
|
0-0: Ball 1-0: Foul Ball, location: 2F 1-1: Fielders Choice at 2nd, 5-4 (Groundball, 5S, EV 88.1 MPH)
|
|
Batting: RHB Fathi Addae
|
0-0: Swinging Strike 0-1: Foul Ball, location: 2F 0-2: Strikes out swinging, 2-3 out at first.
|
| Top of the 8th over - 0 runs, 0 hits, 0 errors, 1 left on base; Columbia 3 - Mississippi 5 |
| BOTTOM OF THE 8TH |
|
Mississippi Braves batting - Pitching for Columbia Fireflies : LHP Keith Noftall
|
|
Batting: SHB David Beauchamp
|
0-0: Foul Ball, location: 2F 0-1: Ground out 4-3 (Groundball, 4, EV 86.2 MPH)
|
|
Batting: RHB Alex Velasquez
|
0-0: Ball 1-0: Swinging Strike 1-1: Ground out U3 (Groundball, 3L, EV 83.1 MPH)
|
|
Batting: RHB Adrian Billups
|
0-0: Fly out, F8 (Flyball, 8RS, EV 94.4 MPH)
|
| Bottom of the 8th over - 0 runs, 0 hits, 0 errors, 0 left on base; Columbia 3 - Mississippi 5 |
| TOP OF THE 9TH |
|
Columbia Fireflies batting - Pitching for Mississippi Braves : RHP Damian Molina
|
|
Pitching: RHP Frank Diaz
|
|
|
Batting: RHB David Reyna
|
0-0: Ground out 1-3 (Groundball, P, EV 69.4 MPH)
|
|
Pinch Hitting: LHB Preston Knaak
|
0-0: Called Strike 0-1: Ball 1-1: Foul Ball, location: 2F 1-2: Strikes out swinging
|
|
Batting: SHB Masatoshi Akahoshi
|
0-0: Swinging Strike 0-1: Foul Ball, location: 2F 0-2: Strikes out looking
|
| Top of the 9th over - 0 runs, 0 hits, 0 errors, 0 left on base; Columbia 3 - Mississippi 5 |
|